 Dungeon Crawl Stone Soup version 0.29-a0-520-gc852659d43 (webtiles) character file.

Game seed: 3751699063195223588

5018 happo123 the Covert (level 10, -4/59 HPs)
             Began as a Kobold Enchanter on May 31, 2022.
             Was a Priest of Fedhas.
             Slain by a seven-headed hydra (10 damage)
             ... on level 1 of the Lair of Beasts on June 1, 2022.
             The game lasted 00:50:51 (9818 turns).

happo123 the Covert (Kobold Enchanter)              Turns: 9818, Time: 00:50:51

Health: -4/59      AC:  5    Str:  6    XL:     10   Next: 84%
Magic:  24/27      EV:  9    Int: 21    God:    Fedhas [***...]
Gold:   421        SH: 26    Dex: 15    Spells: 5/19 levels left

rFire   . . .      SeeInvis .   c - +2 dagger (protect)
rCold   . . .      Faith    .   Q - +18 shield of the Gong {rElec rN+ Will+ EV-5}
rNeg    + . .      Spirit   .   N - +1 robe "Ynupryde" {Stlth+}
rPois   .          Reflect  .   x - +0 helmet
rElec   +          Harm     .   G - +0 cloak
rCorr   .          Rampage  .   (no gloves)
Will    +....                   (no boots)
Stlth   ++++++....              s - amulet of the acrobat
HPRegen 0.19/turn               e - ring of wizardry
MPRegen 0.20/turn               A - ring of magical power

@: confusing by touch, about to teleport, studying Ice Magic
A: small, no large weapons, nightstalker 3
a: Renounce Religion, Wall of Briars, Grow Ballistomycete


You were on level 1 of the Lair of Beasts.
You worshipped Fedhas.
Fedhas was most pleased with you.
You visited 3 branches of the dungeon, and saw 10 of its levels.

You collected 541 gold pieces.
You spent 120 gold pieces at shops.

Inventory:

Hand Weapons
 a - a +1 dagger
 c - a +2 dagger of protection (weapon)
 i - a +1 vampiric dagger
 n - a +2 short sword of protection
 y - a +0 hand crossbow
 z - a +2 short sword of venom
 L - a +2 rapier of protection
Missiles
 b - a throwing net
Armour
 x - a +0 helmet (worn)
 G - a +0 cloak (worn)
 N - the +1 robe "Ynupryde" (worn) {Stlth+}
   (You found it on level 7 of the Dungeon)

   Stlth:     It makes you more stealthy.
 O - the +1 plate armour "Wypauq" {Regen+ Int+6}
   (You took it off an orc on level 7 of the Dungeon)

   Int:       It affects your intelligence (+6).
   Regen:     It increases your rate of health regeneration.
 Q - the +18 shield of the Gong (worn) {rElec rN+ Will+ EV-5}
   (You found it on level 8 of the Dungeon)

   It is deafeningly noisy when blocking attacks.
   EV:        It affects your evasion (-5).
   rElec:     It insulates you from electricity.
   rN:        It protects you from negative energy.
   Will:      It increases your willpower.
Jewellery
 e - a ring of wizardry (left hand)
 s - an amulet of the acrobat (around neck)
 A - a ring of magical power (right hand)
 C - a ring of magical power
Wands
 u - a wand of paralysis (14)
 w - a wand of digging (4)
 K - a wand of acid (13)
Scrolls
 f - 2 scrolls of vulnerability
 g - 4 scrolls of noise
 h - a scroll of teleportation
 k - 4 scrolls of identify
 l - a scroll of enchant armour {unknown}
 m - a scroll of blinking {unknown}
 p - a scroll of acquirement {unknown}
 r - 4 scrolls of immolation
 v - a scroll of amnesia {unknown}
 D - a scroll of silence {unknown}
 I - 2 scrolls of poison
 J - 2 scrolls of magic mapping
 P - a scroll of fog {unknown}
Potions
 j - 4 potions of ambrosia
 o - 4 potions of heal wounds
 q - a potion of resistance {unknown}
 t - a potion of mutation {unknown}
 B - a potion of might
 E - a potion of attraction {unknown}
 F - 3 potions of brilliance {unknown}
 H - a potion of lignification {unknown}
 M - a potion of berserk rage {unknown}


   Skills:
 + Level 5.2 Fighting
 + Level 6.7 Short Blades
 + Level 5.5 Crossbows
 + Level 6.4 Dodging
 + Level 8.3 Stealth
 + Level 1.1 Shields
 + Level 5.4 Spellcasting
 * Level 7.7 Hexes
 + Level 2.5 Ice Magic
 + Level 4.0 Air Magic
 + Level 3.5 Invocations


You had 5 spell levels left.
You knew the following spells:

 Your Spells              Type           Power      Damage    Failure   Level
a - Ensorcelled Hibernat  Hex/Ice        54%        N/A       4%          2
b - Confusing Touch       Hex            38%        N/A       3%          3
c - Tukima's Dance        Hex            38%        N/A       3%          3
d - Dazzling Flash        Conj/Hex       42%        N/A       16%         3
e - Swiftness             Air            22%        N/A       14%         3

Your spell library contained the following spells:

 Spells                   Type           Power      Damage    Failure   Level
 Shock                    Conj/Air       56%        1d6       11%         1
 Ozocubu's Armour         Ice            16%        N/A       26%         3
 Airstrike                Air            11%        N/A       41%         4
 Metabolic Englaciation   Hex/Ice        13%        N/A       61%         5
 Simulacrum               Ice/Necr       5%         N/A       100%        6


Dungeon Overview and Level Annotations

Branches:
Dungeon (8/15)             Temple (1/1) D:4            Lair (1/6) D:8

Altars:
Ashenzari
Cheibriados
Dithmenos
Fedhas
Gozag
Hepliaklqana
Kikubaaqudgha
Makhleb
Nemelex Xobeh
Okawaru
Qazlal
Ru
Sif Muna
Trog
Uskayaw
Vehumet
Wu Jian
Xom
Yredelemnul
Zin
The Shining One

Shops:
D:1 :   D:8 !


Innate Abilities, Weirdness & Mutations

You are small and have problems with some larger weapons.
You are completely attuned to the shadows.


Message History

BONNNG!
The seven-headed hydra bites you!
You hear an angry buzzing noise. x4; You hear an angry hiss.
You hear an angry buzzing noise. x4; You hear a croak.
You hear an angry hiss.
You hear a bellow!
You hit the seven-headed hydra but do no damage.
The seven-headed hydra is severely wounded.
You block the seven-headed hydra's attack.
GONNNNG!
You block the seven-headed hydra's attack.
GONNNNG!
You block the seven-headed hydra's attack.
GONNNNG!
You block the seven-headed hydra's attack.
SHROANNG!
The seven-headed hydra bites you but does no damage.
The seven-headed hydra bites you!
* * * LOW HITPOINT WARNING * * *
The seven-headed hydra bites you.
* * * LOW HITPOINT WARNING * * *
You hear an angry buzzing noise. x5
You hit the seven-headed hydra but do no damage.
The seven-headed hydra is severely wounded.
A black mamba comes into view.
The seven-headed hydra bites you but does no damage.
The seven-headed hydra closely misses you.
You block the seven-headed hydra's attack.
GONNNNG!
The seven-headed hydra bites you but does no damage.
You block the seven-headed hydra's attack.
GONNNNG!
You block the seven-headed hydra's attack.
GONNNNG!
The seven-headed hydra bites you!
* * * LOW HITPOINT WARNING * * *
You hear an angry buzzing noise. x8; You hear a bellow!
As you read the scroll of teleportation, it crumbles to dust.
You feel strangely unstable. The seven-headed hydra bites you!
You die...
Fedhas appreciates your contribution to the ecosystem.

.## .... ...#
#..$..
#..##S....
#..P/.....
#D@.......
####......
#...... ##
##.### #.
#....###### #.
####......#
#.## ##.#P.##
######+.######
########'####
#...........[.#
#...........#


You could see a seven-headed hydra and a black mamba.

Vanquished Creatures
  2 vault sentinels (D:8)
  A gargoyle (D:7)
  A rime drake (Lair:1)
  Grinder (D:6)
  A wyvern (D:5)
  A steam dragon (D:7)
  Menkaure (D:7)
  2 wargs (D:8)
  2 water moccasins (D:8)
  Duvessa (D:5)
  4 ice beasts
  An ogre (D:6)
  4 centaurs
  2 phantoms
  A kobold brigand (D:7)
  2 necrophages
  4 scorpions
  7 wights (D:8)
  Dowan (D:5)
  3 howler monkeys
  3 hounds
  7 orc priests
  4 jellies
  Terence (D:3)
  5 iguanas
  Ijyb (D:3)
  4 orc wizards (D:8)
  Robin (D:4)
  A gnoll (D:5)
  15 adders
  An ufetubus (D:4)
  3 worms
  2 dart slugs
  34 orcs
  9 endoplasms
  2 giant cockroaches
  11 goblins
  9 hobgoblins
  4 jackals (D:2)
  13 kobolds
  7 quokkas
  3 ball pythons (D:2)
  11 bats
  4 frilled lizards (D:1)
  6 rats
203 creatures vanquished.

Vanquished Creatures (collateral kills)
  A warg (D:8)
  2 orcs (D:8)
3 creatures vanquished.

Grand Total: 206 creatures vanquished

Notes
Turn   | Place    | Note
-------+----------+-------------------------------------------
     0 | D:1      | happo123 the Kobold Enchanter began the quest for the Orb.
     0 | D:1      | Reached XP level 1. HP: 10/10 MP: 3/3
   201 | D:1      | Reached XP level 2. HP: 15/15 MP: 5/5
   204 | D:1      | Learned a level 2 spell: Ensorcelled Hibernation
   688 | D:1      | Found a faded altar of an unknown god.
   926 | D:1      | Found Qumy's Book Shop.
   991 | D:2      | Found a shimmering blue altar of Sif Muna.
   995 | D:2      | Reached XP level 3. HP: 20/20 MP: 3/6
  1276 | D:2      | Reached skill level 1 in Fighting
  1517 | D:2      | Reached XP level 4. HP: 18/25 MP: 4/7
  1521 | D:2      | Learned a level 3 spell: Confusing Touch
  1986 | D:2      | Reached XP level 5. HP: 29/29 MP: 6/9
  2014 | D:2      | Learned a level 3 spell: Tukima's Dance
  2487 | D:3      | Noticed Terence
  2492 | D:3      | Killed Terence
  2652 | D:3      | Reached skill level 5 in Stealth
  2653 | D:3      | Noticed Ijyb
  2658 | D:3      | Killed Ijyb
  2976 | D:3      | Reached XP level 6. HP: 27/35 MP: 0/10
  3589 | D:4      | Noticed Robin
  3687 | D:4      | Killed Robin
  4394 | D:4      | Found a sparkling altar of Nemelex Xobeh.
  4395 | D:4      | Found a hazy altar of Hepliaklqana.
  4397 | D:4      | Found a hide-covered altar of Uskayaw.
  4398 | D:4      | Found a bloodstained altar of Trog.
  4400 | D:4      | Found a shimmering altar of Xom.
  4403 | D:4      | Found a shimmering blue altar of Sif Muna.
  4405 | D:4      | Found an iron altar of Okawaru.
  4406 | D:4      | Found an ornate altar of the Wu Jian Council.
  4408 | D:4      | Found a blossoming altar of Fedhas.
  4414 | D:4      | Became a worshipper of Fedhas Madash
  4419 | D:4      | Found a staircase to the Ecumenical Temple.
  4425 | Temple   | Entered the Ecumenical Temple
  5144 | D:4      | Reached XP level 7. HP: 40/40 MP: 11/11
  5312 | D:4      | Learned a level 3 spell: Dazzling Flash
  5341 | D:5      | Entered Level 5 of the Dungeon
  5361 | D:5      | Reached skill level 1 in Crossbows
  5385 | D:5      | Noticed Dowan
  5393 | D:5      | Noticed a wyvern
  5410 | D:5      | Noticed Duvessa
  5436 | D:5      | Killed Duvessa
  5452 | D:5      | Reached skill level 5 in Hexes
  5452 | D:5      | Reached skill level 1 in Air Magic
  5533 | D:5      | Reached XP level 8. HP: 31/45 MP: 13/13
  5535 | D:5      | Reached skill level 6 in Stealth
  5547 | D:5      | Killed Dowan
  6052 | D:5      | Reached * piety under Fedhas
  6151 | D:5      | Identified the +10 mace "Wogerhum" {drain, Fragile rElec
                  | rPois Str+4}
  6363 | D:5      | Killed a wyvern
  6368 | D:5      | Learned a level 3 spell: Swiftness
  6682 | D:6      | Reached skill level 5 in Short Blades
  6682 | D:6      | Reached XP level 9. HP: 51/51 MP: 15/15
  6731 | D:6      | Reached skill level 5 in Dodging
  6767 | D:6      | Noticed Grinder
  6771 | D:6      | Killed Grinder
  6772 | D:6      | Reached skill level 1 in Invocations
  6814 | D:6      | Reached skill level 7 in Stealth
  7002 | D:6      | Found a sacrificial altar of Ru.
  7559 | D:7      | Identified the +1 robe "Ynupryde" {Stlth+}
  7601 | D:7      | Noticed Menkaure
  7605 | D:7      | Killed Menkaure
  7612 | D:7      | Identified the +1 plate armour "Wypauq" {Regen+ Int+6}
  7755 | D:7      | Reached ** piety under Fedhas
  8016 | D:7      | Noticed a gargoyle
  8020 | D:7      | Killed a gargoyle
  8021 | D:7      | Reached XP level 10. HP: 58/58 MP: 17/17
  8038 | D:7      | Reached skill level 5 in Spellcasting
  8591 | D:8      | Noticed a vault sentinel
  8592 | D:8      | Found the +18 shield of the Gong {rElec rN+ Will+ EV-5}
  8595 | D:8      | Killed a vault sentinel
  8596 | D:8      | Reached skill level 5 in Crossbows
  8596 | D:8      | Reached skill level 1 in Ice Magic
  8609 | D:8      | Noticed a vault sentinel
  8625 | D:8      | Killed a vault sentinel
  8626 | D:8      | Reached skill level 8 in Stealth
  8683 | D:8      | Reached skill level 5 in Fighting
  8840 | D:8      | Paralysed by an orc for 5 turns
  8847 | D:8      | Reached *** piety under Fedhas
  8849 | D:8      | Found Remnuh's Distillery.
  9121 | D:8      | Reached skill level 1 in Shields
  9139 | D:8      | Bought 2 potions of heal wounds for 120 gold pieces
  9481 | D:8      | Found a staircase to the Lair.
  9712 | Lair:1   | Entered Level 1 of the Lair of Beasts
  9807 | Lair:1   | Noticed a rime drake
  9810 | Lair:1   | Noticed a seven-headed hydra
  9811 | Lair:1   | Killed a rime drake
  9817 | Lair:1   | Noticed a black mamba
  9818 | Lair:1   | Slain by a seven-headed hydra

Illustrated notes

Levels and vault maps discovered:
D:1:      nzn_arrival_depleted_hourglass, layout_basic, serial_shops, shop,
          basic_ecumenical_altar
D:2:      layout_loops_ring, basic_altar, minmay_quantized
D:3:      layout_loops_ring, grunt_ministairs_6, chequers_arboretum,
          kennysheep_cluttered_room, uniq_ijyb, uniq_terence
D:4:      layout_basic, nicolae_overflow_hallway_of_the_gods,
          minmay_temple_entry_drinking_statues, uniq_robin
D:5:      layout_loops_ring, minmay_fractal_squares_5, uniq_duvessa
D:6:      layout_gridville, mainiacjoe_overflow_paths, uniq_grinder
D:7:      layout_basic, minmay_manual_mandibuliform, uniq_menkaure
D:8:      layout_cave_pools, erik_lair_orcish_takeover, serial_shops,
          nicolae_shop_trees, nrook_uturn, hellmonk_guarded_unrand_gong
Temple:   minmay_temple_curvy_loop
Lair:1:   layout_roguey [special_room_bee], pond

Skill      XL: |  1  2  3  4  5  6  7  8  9 10 |
---------------+-------------------------------+-----
Short Blades   | 2 3 4 5 6 |  6.7
Fighting       | 1 2 3 4 5 |  5.2
Dodging        | 3 4 5 6 |  6.4
Hexes          | 4 5 6 7 |  7.7
Stealth        | 5 6 7 8 |  8.3
Spellcasting   | 3 4 5 |  5.4
Crossbows      | 1 3 4 5 |  5.5
Air Magic      | 1 2 3 4 |  4.0
Invocations    | 2 3 |  3.5
Ice Magic      | 2 |  2.5
Shields        | 1 |  1.1

Action                   |  1- 3 |  4- 6 |  7- 9 | 10-12 || total
-------------------------+-------+-------+-------+-------++-------
Melee: Dagger            |    60 |   144 |   135 |   140 ||   479
       Punch             |     1 |     3 |     1 |       ||     5
       Short sword       |       |    29 |       |       ||    29
 Fire: Hand crossbow     |       |       |    10 |     5 ||    15
 Cast: Ensorcelled Hiber |    11 |    54 |    54 |    22 ||   141
       Confusing Touch   |       |     1 |     9 |    13 ||    23
       Dazzling Flash    |       |       |     2 |     1 ||     3
Invok: Wall of Briars    |       |       |       |     2 ||     2
  Use: Potion            |       |     1 |       |     1 ||     2
       Scroll            |       |       |     6 |     8 ||    14
 Stab: Sleeping          |    25 |    57 |    48 |    16 ||   146
       Invisible         |       |     4 |       |     6 ||    10
       Confused          |       |       |    12 |     7 ||    19
       Distracted        |       |       |     1 |     1 ||     2
Armor: Robe              |    10 |    22 |    12 |    18 ||    62
Dodge: Dodged            |    57 |   163 |    84 |    33 ||   337
Block: Kite shield       |       |       |       |   153 ||   153

Table legend: (Time is in decaauts)
 A = Elapsed time spent in this place.
 B = Non-inter-level travel time spent in this place.
 C = Inter-level travel time spent in this place.
 D = Time resting spent in this place.
 E = Time spent auto-exploring this place.
 F = Levels seen in this place.
 G = Mean time per level.
                   A        B        C        D        E       F      G
               +--------+--------+--------+--------+--------+-----+--------+
         Total |   9755 |   9130 |    625 |    897 |   6576 |  10 |  975.5 |
       Dungeon |   9339 |   8812 |    527 |    897 |   6304 |   8 | 1167.4 |
        Temple |    310 |    278 |     32 |      0 |    272 |   1 |  310.0 |
          Lair |    105 |     39 |     66 |      0 |      0 |   1 |  105.0 |
               +--------+--------+--------+--------+--------+-----+--------+

Top non-repeatable levels by time:
     D:4: 1567 daAuts
     D:2: 1441 daAuts
     D:7: 1418 daAuts
     D:3: 1355 daAuts
     D:5: 1014 daAuts
     D:1: 957 daAuts
     D:8: 897 daAuts
     D:6: 689 daAuts
  Temple: 310 daAuts
  Lair:1: 105 daAuts
